 Dungeon Crawl Stone Soup version 0.18.1-48-g4cf74bf (webtiles) character file.

5148 tevo3000 the Martial Artist (level 10, -6/51 HPs)
             Began as a Vine Stalker Monk on Aug 27, 2016.
             Was a Priest of Qazlal.
             Mangled by a big kobold
             ... wielding a +1 halberd of chopping
              (7 damage)
             ... on level 8 of the Dungeon.
             The game lasted 00:32:13 (4732 turns).

tevo3000 the Martial Artist (Vine Stalker Monk)     Turns: 4732, Time: 00:32:13

Health: -6/51      AC:  8    Str: 16    XL:     10   Next: 59%
Magic:  0/14       EV: 13    Int: 10    God:    Qazlal [***...]
Gold:   420        SH:  4    Dex: 18    Spells: 0 memorised, 13 levels left

rFire  + . .     SeeInvis +       - Unarmed
rCold  . . .     Gourm    .     i - +1 ring mail {rF+}
rNeg   . . .     Faith    .     (no shield)
rPois  .         Spirit   +     (no helmet)
rElec  .         Dismiss  .     H - +0 cloak
rCorr  .         Reflect  .     (no gloves)
SustAt .         Harm     .     (no boots)
MR     +....                    (no amulet)
Stlth  +.........               (no ring)
                                p - ring of see invisible

@: somewhat resistant to hostile enchantments, very unstealthy
A: fangs 3, regeneration 2, magic shield, antimagic bite, no device heal 3, rot
immunity
a: Upheaval, Elemental Force, Renounce Religion


You were on level 8 of the Dungeon.
You worshipped Qazlal.
Qazlal was most pleased with you.
You were very full.

You visited 1 branch of the dungeon, and saw 8 of its levels.
You also visited: Bailey.

You collected 420 gold pieces.

Inventory:

Armour
 i - a +1 ring mail of fire resistance (worn)
 H - a +0 cloak (worn)
Jewellery
 p - a ring of see invisible (left hand)
 C - an uncursed amulet of dismissal {unknown}
Wands
 a - a wand of acid (2/15)
 f - a wand of lightning (8/15)
 h - a wand of confusion (14/48)
 r - a wand of lightning (2/15)
 v - a wand of slowing (17/48)
 B - a wand of paralysis (6/24)
 F - a wand of paralysis (12/24)
Scrolls
 d - 8 scrolls of identify
 e - 2 scrolls of remove curse
 l - 3 scrolls of teleportation
 m - a scroll of blinking {unknown}
 s - 2 scrolls of enchant armour {unknown}
 w - a scroll of magic mapping {unknown}
 x - a scroll of vulnerability {unknown}
 y - a scroll of amnesia {unknown}
 D - a scroll of random uselessness {unknown}
Potions
 c - 9 potions of curing {unknown}
 t - 2 potions of might
 u - 3 potions of flight {unknown}
 A - a potion of lignification {unknown}
 G - a potion of heal wounds {unknown}
Books
 E - a book of Death

   Spells                             Type                      Level
   a - Corpse Rot                     Necromancy                   2
   b - Sublimation of Blood           Necromancy                   2
   c - Agony                          Necromancy                   5
   d - Dispel Undead                  Necromancy                   5
   e - Excruciating Wounds            Charms/Necromancy            5
   f - Bolt of Draining               Conjuration/Necromancy       5
Miscellaneous
 o - a lamp of fire (inert)
Comestibles
 b - 4 bread rations
 g - 9 fruits
 j - 2 meat rations
 k - a slice of pizza
 n - a beef jerky
 q - a royal jelly


   Skills:
 * Level 5.3 Fighting
 * Level 4.2 Armour
 * Level 4.6 Dodging
 - Level 2.4 Stealth
 - Level 14.4 Unarmed Combat
 + Level 2.4 Spellcasting


You had 13 spell levels left.
You didn't know any spells.

Dungeon Overview and Level Annotations

Branches:
Dungeon (8/15)             Temple (0/1) D:7
   Lair: D:8-11

Altars:
Makhleb
Pakellas
Qazlal

Annotations:
D:4 Edmund


Innate Abilities, Weirdness & Mutations

You have razor-sharp teeth.
You heal very quickly.
When hurt, damage is shared between your health and your magic reserves.
Your bite disrupts and absorbs the magic of your enemies.
Potions and wands cannot restore your health.
You are immune to rotting.


Message History

Qazlal accepts your kill.
You punch the sheep!
You kill the sheep!
Qazlal accepts your kill.
Something unseen opens the door.
The plant is struck by lightning.
A big kobold comes into view. It is wielding a halberd of chopping.
A three-headed hydra comes into view.
You block the big kobold's attack.
The big kobold hits you from afar with a halberd of chopping!
* * * LOW HITPOINT WARNING * * *
x2 The big kobold barely misses you.
The three-headed hydra bites you.
* * * LOW HITPOINT WARNING * * *
The three-headed hydra bites you but does no damage. x2
The big kobold closely misses you.
You block the three-headed hydra's attack. x2
The three-headed hydra bites you!
* * * LOW HITPOINT WARNING * * *
The big kobold hits you from afar with a halberd of chopping!
You die...

##############
#......).....#
.####..####.#
#####(####.#########
#PP≈)≈.≈.#.).......#
#P≈...%..#.#######.#
#≈≈P§.P%.#.# #.#
#P≈D@†...#.#######.#
#.KP.§.).#.........#
#'###†''#########[.#
# #.....# #..#
+...%%# #..# #######
#..# #.####..#
.#......# #
#.#####.#


You could see a three-headed hydra and a big kobold.

Vanquished Creatures
  Erica (D:8)
  Pikel (D:8)
  Maurice (D:8)
  Psyche (D:8)
  2 yaks (D:8)
  Menkaure (D:5)
  Duvessa (D:6)
  6 orc warriors (Bailey)
  A sky beast (D:7)
  An ice beast (D:7)
  A wasp (D:7)
  3 ogres
  A centaur (D:8)
  2 big kobolds (D:8)
  A giant frog (D:5)
  Dowan (D:6)
  A scorpion (D:5)
  A howler monkey (D:7)
  5 crimson imps
  2 hounds (D:5)
  5 orc priests
  A giant frog skeleton (D:5)
  3 iguanas
  An orc wizard (D:3)
  4 worker ants
  2 sheep (D:8)
  2 howler monkey zombies
  5 gnolls
  11 adders
  An ooze (D:2)
  An adder skeleton (D:4)
  An adder zombie (D:8)
  A worm (D:2)
  A dart slug (D:1)
  4 giant geckos
  22 orcs
  A ball python (D:1)
  2 bats
  4 giant cockroaches
  12 goblins
  10 hobgoblins
  8 jackals
  14 kobolds
  2 quokkas
  A giant newt (D:2)
  A jackal zombie (D:6)
  3 rats
157 creatures vanquished.

Vanquished Creatures (others)
  A hungry ghost (D:8)
  A giant gecko (D:8)
  6 plants (D:8)
8 creatures vanquished.

Grand Total: 165 creatures vanquished

Notes
Turn   | Place    | Note
--------------------------------------------------------------
     0 | D:1      | tevo3000 the Vine Stalker Monk began the quest for the Orb.
     0 | D:1      | Reached XP level 1. HP: 11/11 MP: 2/2
   113 | D:1      | Reached XP level 2. HP: 16/16 MP: 3/3
   372 | D:1      | Reached XP level 3. HP: 17/19 MP: 4/4
   501 | D:2      | Reached skill level 5 in Unarmed Combat
   553 | D:2      | Reached XP level 4. HP: 12/23 MP: 3/5
   943 | D:3      | Reached skill level 6 in Unarmed Combat
   943 | D:3      | Reached XP level 5. HP: 22/28 MP: 4/6
  1220 | D:3      | Found an oddly glowing altar of Pakellas.
  1556 | D:4      | Found a burning altar of Makhleb.
  1752 | D:4      | Found a stormy altar of Qazlal.
  1755 | D:4      | Became a worshipper of Qazlal Stormbringer
  1755 | D:4      | Reached * piety under Qazlal
  1755 | D:4      | Reached ** piety under Qazlal
  1780 | D:4      | Reached skill level 7 in Unarmed Combat
  1780 | D:4      | Gained mutation: You heal very quickly. [Vine Stalker growth]
  1780 | D:4      | Reached XP level 6. HP: 32/32 MP: 7/7
  1789 | D:4      | Noticed Edmund
  1793 | D:4      | Noticed a phantom
  1813 | D:4      | You fall through a shaft for 3 floors!
  1872 | D:7      | Noticed an ice beast
  1888 | D:7      | Killed an ice beast
  1960 | D:6      | Noticed Duvessa
  1962 | D:6      | Noticed Dowan
  1969 | D:5      | Entered Level 5 of the Dungeon
  1977 | D:5      | HP: 1/32 [poisoned by Duvessa]
  2013 | D:5      | Reached skill level 8 in Unarmed Combat
  2023 | D:5      | Reached XP level 7. HP: 8/35 MP: 8/8
  2144 | D:5      | Noticed Menkaure
  2154 | D:5      | Reached skill level 14 in Unarmed Combat
  2154 | D:5      | Gained mutation: You have razor-sharp teeth. [Vine Stalker growth]
  2154 | D:5      | Reached XP level 8. HP: 27/39 MP: 6/9
  2156 | D:5      | Killed Menkaure
  2458 | D:5      | Reached skill level 1 in Armour
  3002 | D:6      | Killed Duvessa
  3039 | D:6      | Killed Dowan
  3232 | D:6      | Reached XP level 9. HP: 29/44 MP: 6/10
  3575 | D:7      | Reached *** piety under Qazlal
  3687 | D:7      | Found a staircase to the Ecumenical Temple.
  4000 | D:8      | Noticed Psyche
  4010 | D:8      | Killed Psyche
  4036 | D:8      | Found a flagged portal.
  4045 | Bailey   | Entered a bailey
  4089 | Bailey   | Reached skill level 1 in Spellcasting
  4480 | D:8      | Noticed Pikel
  4490 | D:8      | Killed Pikel
  4490 | D:8      | Reached XP level 10. HP: 45/51 MP: 13/13
  4643 | D:8      | Noticed Maurice
  4657 | D:8      | Killed Maurice
  4674 | D:8      | Noticed Erica
  4682 | D:8      | Killed Erica
  4682 | D:8      | Reached skill level 5 in Fighting
  4728 | D:8      | Noticed a three-headed hydra
  4731 | D:8      | HP: 1/51 [three-headed hydra (6)]
  4732 | D:8      | Mangled by a big kobold

Skill      XL: |  1  2  3  4  5  6  7  8  9 10 |
---------------+-------------------------------+-----
Unarmed Combat | 5 6 7 8 14 | 14.4
Fighting       | 3 4 5 |  5.3
Armour         | 1 3 4 |  4.2
Dodging        | 4 |  4.6
Spellcasting   | 1 2 |  2.4
Stealth        | |  2.4

Action                   |  1- 3 |  4- 6 |  7- 9 | 10-12 || total
-------------------------+-------+-------+-------+-------++-------
Melee: Unarmed           |    86 |   180 |   198 |    37 ||   501
       Bite              |    22 |    56 |    51 |    13 ||   142
       Punch             |     2 |     2 |    12 |     4 ||    20
Invok: Upheaval          |       |       |     3 |       ||     3
Evoke: Wand              |       |       |     1 |       ||     1
       Lamp of fire      |       |       |     1 |       ||     1
  Use: Scroll            |       |     4 |       |       ||     4
       Potion            |       |       |     8 |       ||     8
 Stab: Sleeping          |     3 |     3 |       |       ||     6
       Distracted        |     1 |       |       |       ||     1
  Eat: Meat ration       |       |     2 |       |     2 ||     4
Armor: Robe              |     4 |       |       |       ||     4
       Ring mail         |    21 |    61 |    12 |     9 ||   103
       Scale mail        |       |       |    53 |       ||    53
Dodge: Dodged            |    42 |    94 |   166 |    20 ||   322
Block: Other             |       |     4 |    48 |    10 ||    62
